Match 45522734
Unlisted

Match 45522734
End
Construct Infanterie Kompanie
Selects Breakthrough Battlegroup
Selects Assault Grenadiers
Grenadier Squad
MG 42 Machine Gun Team
MG 42 Machine Gun Team
Grenadier Squad
Selects Rapid Production
Construct Luftwaffe Kompanie
221 Scout Car
Jäger Squad
Selects Smoke Bombing Run
Grenadier Squad
Jäger Squad
Smoke Bombing Run
Medical Station
Support Elements
Smoke Bombing Run
Selects Incendiary Bombing Run
Marder III M Tank Destroyer
Wirbelwind Flakpanzer
Construct Panzergrenadier Kompanie
Nebelwerfer 42 Rocket Launcher Team
Construct Panzer Kompanie
Pioneer Squad
StuG III G Assault Gun
Stoßtruppen Squad
Incendiary Bombing Run
Smoke Bombing Run
Panzer IV Medium Tank
Stoßtruppen Squad
Incendiary Bombing Run
Sturmpanzer IV Brummbär
Incendiary Bombing Run
Selects Blitzkrieg
Smoke Bombing Run
Selects Tiger Heavy Tank
Incendiary Bombing Run
timmyo1981
Fintell
EzKeL
Skull Throne
Kray-Tos
mitrii26rus
0
0

Comments sign in to comment!

No comments posted yet!